 Dungeon Crawl Stone Soup version 0.29.1-12-g30fa7ad0bf (webtiles) character file.

Game seed: 4272169635036536036

843 FexLirch the Magician (level 7, -6/46 HPs)
             Began as a Mummy Necromancer on Jan 15, 2023.
             Was an Initiate of Kikubaaqudgha.
             Mangled by a steam dragon (9 damage)
             ... on level 6 of the Dungeon.
             The game lasted 00:07:51 (4870 turns).

FexLirch the Magician (Mummy Necromancer)           Turns: 4870, Time: 00:07:52

Health: -6/46      AC:  4    Str: 12    XL:     7   Next: 68%
Magic:  13/18      EV: 16    Int: 16    God:    Kikubaaqudgha [......]
Gold:   91         SH:  0    Dex: 12    Spells: 9/21 levels left

rFire   x . .      SeeInvis .   l - +0 halberd (venom)
rCold   + . .      Faith    .   (shield currently unavailable)
rNeg    + + +      Spirit   .   a - +0 robe
rPois   ∞          Reflect  .   (no helmet)
rElec   .          Harm     .   (no cloak)
rCorr   .          Rampage  .   i - +0 pair of gloves
Will    .....                   c - +0 pair of boots
Stlth   ++........              (no amulet)
HPRegen 0.15/turn               k - +4 ring of evasion
MPRegen 0.16/turn               (no ring)

@: no status effects
A: cold resistance 1, negative energy resistance 3, torment resistance 2, heat
vulnerability 1, in touch with death 1, no potions
a: Renounce Religion


You were on level 6 of the Dungeon.
You worshipped Kikubaaqudgha.
Kikubaaqudgha was noncommittal.
You visited 2 branches of the dungeon, and saw 7 of its levels.

You collected 301 gold pieces.
You spent 210 gold pieces at shops.

Inventory:

Hand Weapons
 d - a +0 dagger
 l - a +0 halberd of venom (weapon)
 n - a +0 dagger of speed
Missiles
 f - 5 javelins
Armour
 a - a +0 robe (worn)
 c - a +0 pair of boots (worn)
 i - a +0 pair of gloves (worn)
Jewellery
 k - a +4 ring of evasion (left hand)
 s - a ring of see invisible
Wands
 q - a wand of paralysis (7)
 t - a wand of quicksilver (10)
 u - a wand of roots (11)
Scrolls
 b - a scroll of magic mapping
 e - 2 scrolls of amnesia
 g - 2 scrolls of immolation {unknown}
 h - a scroll of enchant weapon {unknown}
 j - 2 scrolls of acquirement {unknown}
 m - a scroll of identify {unknown}
 o - a scroll of silence {unknown}
 p - 2 scrolls of poison {unknown}
 r - a scroll of torment {unknown}


   Skills:
 - Level 1.5 Dodging
 - Level 1.5 Stealth
 + Level 7.8 Spellcasting
 + Level 7.3 Necromancy


You had 9 spell levels left.
You knew the following spells:

 Your Spells              Type           Power      Damage    Failure   Level
a - Necrotise             Necr           100%       1d9       1%          1
b - Vampiric Draining     Necr           44%        2d9       1%          3
c - Animate Dead          Necr           44%        N/A       5%          4
d - Dispel Undead         Necr           44%        3d17      5%          4

Your spell library contained the following spells:

 Spells                   Type           Power      Damage    Failure   Level
 Magic Dart               Conj           24%        1d4       12%         1
 Shock                    Conj/Air       24%        1d4       12%         1
 Agony                    Necr           44%        N/A       16%         5
 Searing Ray              Conj           12%        2d4       17%         2
 Static Discharge         Conj/Air       6%         3-4/arc   17%         2
 Dazzling Flash           Conj/Hex       12%        N/A       34%         3
 Ignite Poison            Fire/Tmut/Pois 6%         N/A       34%         3
 Mephitic Cloud           Conj/Pois/Air  6%         N/A       34%         3
 Summon Guardian Golem    Hex/Summ       6%         N/A       34%         3
 Swiftness                Air            6%         N/A       34%         3
 Airstrike                Air            3%         2d(1-17)  75%         4
 Fulminant Prism          Conj/Hex       3%         3d6       75%         4
 Sticky Flame             Conj/Fire      6%         2d3       75%         4
 Freezing Cloud           Conj/Ice/Air   3%         6-21      97%         5
 Silence                  Hex/Air        3%         N/A       97%         5
 Orb of Destruction       Conj           3%         9d5       100%        7
 Spellforged Servitor     Conj/Summ      3%         N/A       100%        7


Dungeon Overview and Level Annotations

Branches:
Dungeon (6/15)             Temple (1/1) D:4

Altars:
Ashenzari
Gozag
Kikubaaqudgha
Vehumet

Shops:
D:4 =

Annotations:
D:3 1 runed translucent door, Crazy Yiuf, Grinder


Innate Abilities, Weirdness & Mutations

You are immune to poison.
Your flesh is cold resistant. (rC+)
You are immune to negative energy. (rN+++)
You are immune to unholy pain and torment.
You are vulnerable to heat. (rF-)
You are in touch with the powers of death.
You do not drink.


Message History

You see here a glowing white potion.
A steam dragon comes into view.
A steam dragon is nearby!
A necrophage is nearby!
A necrophage is nearby!
A ball of steam appears from out of your range of vision.
The ball of steam misses your orc zombie.
Your orc zombie is engulfed in a cloud of scalding steam.
Your orc zombie is destroyed!
The steam dragon hisses angrily.
The steam dragon breathes steam at you. The ball of steam hits you!!!
The steam scalds you terribly!
Ouch! That really hurt!
* * * LOW HITPOINT WARNING * * *
Casting: Necrotise (safe; 1% risk of failure)
Confirm with . or Enter, or press ? or * to list all spells.
Okay, then.
Unknown command.
Unknown command.
Casting: Necrotise (safe; 1% risk of failure)
Confirm with . or Enter, or press ? or * to list all spells.
Okay, then.
Unknown command.
Aiming: Paralyse
Press: ? - help, Shift-Dir - straight line, f - steam dragon
Aim: a steam dragon (catching its breath, chance to affect: 49%)
The steam dragon resists with some effort.
Casting: Necrotise (safe; 1% risk of failure)
Confirm with . or Enter, or press ? or * to list all spells.
Aiming: Vampiric Draining (safe; 1% risk of failure)
Press: ? - help, Shift-Dir - straight line, f/p - steam dragon
Aim: a steam dragon (steam, catching its breath, ally target)
You feel a surge of power!
You draw life force from the steam dragon!
You feel life coursing into your body.
You are engulfed in a cloud of scalding steam.
* * * LOW HITPOINT WARNING * * *
The steam dragon bites you!
You die...
Kikubaaqudgha rasps: "You have failed me!
Welcome... oblivion!"

....###..##.....##.#.##...
###..)...##>....##.#.# #S.
...)....###.....##.#.# .
#.........#.....##....
#)#######.#....#####.#
.).....##.#...........
#.####....#....#####.#
#.####....#....#####
..........#....D@..#.##
............Z.)§.§....#
..#######.#..§.§##.#..#
.................#....#
...Z...##.#...#### .#.#
......§##.#..... .. #
......§##.#..#### ##
......§.#.#...
..#####§#.#..#


You could see a steam dragon (catching breath, ally target) and a friendly orc
priest zombie.

Vanquished Creatures
  2 ice beasts
  An ogre (D:5)
  A necrophage (D:6)
  Blork the orc (D:5)
  2 jellies (D:6)
  2 hounds
  An orc priest (D:6)
  3 iguanas
  An orc wizard (D:3)
  3 gnolls (D:3)
  7 adders
  A white imp (D:5)
  3 worms (D:2)
  2 dart slugs (D:1)
  8 orcs
  10 ball pythons
  5 bats
  7 endoplasms
  A giant cockroach (D:1)
  3 goblins
  6 hobgoblins
  3 quokkas
  3 frilled lizards
  3 kobolds
  6 rats
85 creatures vanquished.

Vanquished Creatures (collateral kills)
  A gnoll (D:3)
  A worm (D:2)
  An orc (D:4)
3 creatures vanquished.

Vanquished Creatures (others)
  A hound zombie (D:6)
  A jelly zombie (D:6)
  3 orc zombies (D:6)
  8 fungi (D:5)
13 creatures vanquished.

Grand Total: 101 creatures vanquished

Notes
Turn   | Place    | Note
-------+----------+-------------------------------------------
     0 | D:1      | FexLirch the Mummy Necromancer began the quest for the Orb.
     0 | D:1      | Reached XP level 1. HP: 13/13 MP: 4/4
   468 | D:1      | Reached XP level 2. HP: 19/19 MP: 4/6
  1823 | D:2      | Gained mutation: You are in touch with the powers of death.
                  | [Mummy growth]
  1823 | D:2      | Reached XP level 3. HP: 24/24 MP: 5/8
  1861 | D:2      | Learned a level 3 spell: Vampiric Draining
  2127 | D:2      | Found a faded altar of an unknown god.
  2334 | D:2      | Reached XP level 4. HP: 30/30 MP: 3/10
  2600 | D:3      | Reached skill level 5 in Necromancy
  2712 | D:3      | Reached skill level 5 in Spellcasting
  2712 | D:3      | Reached XP level 5. HP: 35/35 MP: 3/12
  2798 | D:3      | Found a radiant altar of Vehumet.
  2898 | D:3      | Found a runed translucent door.
  2899 | D:3      | Noticed Crazy Yiuf
  3104 | D:3      | Noticed Grinder
  3189 | D:4      | Found a staircase to the Ecumenical Temple.
  3202 | Temple   | Entered the Ecumenical Temple
  3211 | Temple   | Became a worshipper of Kikubaaqudgha
  3225 | D:4      | Learned a level 4 spell: Animate Dead
  3230 | D:4      | Learned a level 4 spell: Dispel Undead
  3702 | D:4      | Reached XP level 6. HP: 41/41 MP: 8/14
  3742 | D:4      | Found Heliahips's Jewellery Boutique.
  3757 | D:4      | Bought a ring of see invisible for 210 gold pieces
  3863 | D:5      | Entered Level 5 of the Dungeon
  4041 | D:5      | Noticed Blork the orc
  4048 | D:5      | Killed Blork the orc
  4576 | D:5      | Noticed an ice beast
  4588 | D:5      | Killed an ice beast
  4589 | D:5      | Reached XP level 7. HP: 46/46 MP: 11/17
  4842 | D:6      | Noticed a steam dragon
  4870 | D:6      | HP: 2/46 [steam dragon] (7)]
  4870 | D:6      | Mangled by a steam dragon

Illustrated notes

Levels and vault maps discovered:
D:1:      dpeg_arrival_ternary, layout_loops_corners, minivault_4, minivault_25,
          minmay_tree_intersection
D:2:      kennysheep_six_static_rooms, layout_rooms, basic_altar,
          chequers_ecumenical_altar_grove
D:3:      layout_rooms, amcnicky_altar_gilded, xom_redecorated,
          mainiacjoe_overflow_swirl, uniq_crazy_yiuf_cottage, uniq_grinder
D:4:      layout_basic, minmay_temple_entry_glass, serial_shops, shop,
          minmay_misc_feat_secret_circle, kennysheep_generic_room_7
D:5:      layout_basic, serial_aquarium, aquarium_bridge_straight
          [aquarium_subvault_bridge, aquarium_subvault_wall,
          aquarium_subvault_bridge, aquarium_subvault_wall], aquarium_window_1,
          aquarium_window_corridor_1, aquarium_view_2a, aquarium_balcony_3b,
          uniq_blork_the_orc
D:6:      layout_basic, gammafunk_temple_overflow_elements
Temple:   compressed_dpeg_triangle_lava_temple

Skill      XL: |  1  2  3  4  5  6  7 |
---------------+----------------------+-----
Spellcasting   | 3 4 5 7 |  7.8
Necromancy     | 5 6 7 |  7.3
Dodging        | |  1.5
Stealth        | |  1.5

Action                   |  1- 3 |  4- 6 |  7- 9 || total
-------------------------+-------+-------+-------++-------
Melee: Unarmed           |    13 |       |       ||    13
       Dagger            |     6 |    31 |       ||    37
       Halberd           |       |     5 |    26 ||    31
 Cast: Necrotise         |    75 |    95 |    14 ||   184
       Vampiric Draining |     1 |     3 |     3 ||     7
       Animate Dead      |       |     4 |     1 ||     5
Evoke: Wand              |       |       |     1 ||     1
  Use: Scroll            |     2 |       |       ||     2
Armor: Robe              |     8 |     1 |     4 ||    13
Dodge: Dodged            |    21 |    41 |    15 ||    77
